 Dungeon Crawl Stone Soup version 0.16-a0-1970-g0967df0 (console) character file.

435 Fusha the Insei (level 6, -1/57 HPs)
             Began as a Draconian Monk on Nov 7, 2014.
             Was a Believer of Zin.
             Slain by Pikel
             ... wielding a +1 whip of flaming
              (4 damage)
             ... on level 4 of the Dungeon.
             The game lasted 00:15:20 (3618 turns).

Fusha the Insei (Draconian Monk)                    Turns: 3618, Time: 00:15:21

Health: -1/57      AC: 10    Str: 14    XL:     6   Next: 68%
Magic:  16/16      EV: 14    Int: 11    God:    Zin [**....]
Gold:   146        SH:  0    Dex: 17    Spells: 0 memorised, 5 levels left

rFire  . . .     SeeInvis .       - Unarmed
rCold  . . .     Clarity  .     (armour unavailable)
rNeg   . . .     SustAb   .     (no shield)
rPois  +         Gourm    .     h - +1 hat
rElec  .         Spirit   .     (no cloak)
rCorr  .         Warding  .     (no gloves)
rMut   .         Stasis   .     (no boots)
MR     .....                    (no amulet)
Stlth  ++........               j - +3 ring of protection
                                g - ring of magical power

@: vitalised, about to teleport, short of breath, not resistant to hostile
enchantments, unstealthy
A: unfitting armour, fangs 1, mutation resistance 1, cold-blooded, AC +6
a: Recite, Vitalisation, Renounce Religion


You were on level 4 of the Dungeon.
You worshipped Zin.
Zin was pleased with you.
You were not hungry.

You visited 1 branch of the dungeon, and saw 4 of its levels.

You collected 162 gold pieces.
You donated 16 gold pieces to Zin.

Inventory:

Missiles
 e - 65 stones (quivered)
Armour
 h - a +1 hat (worn)
Jewellery
 g - a ring of magical power (left hand)
 j - a +3 ring of protection (right hand)
Scrolls
 c - 2 scrolls of teleportation
 d - a scroll of enchant armour {unknown}
 i - 2 scrolls of remove curse
 k - 3 scrolls of recharging {unknown}
 n - a scroll of amnesia {unknown}
 o - a scroll of noise {unknown}
Potions
 a - a potion of restore abilities
 m - a potion of brilliance
Comestibles
 b - 5 bread rations
 f - 2 meat rations
 p - a beef jerky


   Skills:
 * Level 5.7 Fighting
 + Level 3.6 Dodging
 - Level 1.7 Stealth
 * Level 5.8 Unarmed Combat
 + Level 2.0 Invocations


You had 5 spell levels left.
You didn't know any spells.

Dungeon Overview and Level Annotations

Branches:
Dungeon (4/15)
 Temple: D:4-7

Altars:
Ashenzari
Cheibriados
Elyvilon
Fedhas
Gozag
Kikubaaqudgha
Vehumet
Xom
Yredelemnul
Zin

Annotations:
D:4 Pikel


Innate Abilities, Weirdness & Mutations

Your plain brown scales are hard (AC +6).
Your body does not fit into most forms of armour.
Your cold-blooded metabolism reacts poorly to cold.
You have very sharp teeth.
You are somewhat resistant to further mutation.


Message History

All of the chunks of flesh in your inventory have rotted away.
Use which ability? (? or * to list)
You clear your throat and prepare to recite. "When the law of the land faltered, Zin rose..."
Pikel hits you with a whip of flaming. Pikel burns you.
You hit Pikel but do no damage. You tail-slap Pikel, but do no damage.
You bite Pikel, but do no damage.
Pikel is severely wounded.
Pikel hits you with a whip of flaming!
* * * LOW HITPOINT WARNING * * *
Pikel burns you.
* * * LOW HITPOINT WARNING * * *
Your recitation is interrupted.
You feel short of breath.
Read which item? (? for menu, Esc to quit)
As you read the scroll of teleportation, it crumbles to dust.
You feel strangely unstable. Pikel hits you with a whip of flaming!
* * * LOW HITPOINT WARNING * * *
Pikel burns you.
You die...

......'....#......<#
#......
##....####.#########
..... #....# #.# ..o
#....# #.# #p#
##'### #.# #p# #.#
#.# #p# #.# #.# #.#
#.#
#.###############.#
#.#
#......@Kpp.pop...#
#.#
###################
..# ###


You could see Pikel, 4 slaves and an orc.

Vanquished Creatures
  An ogre (D:4)
  A centaur zombie (D:4)
  A giant frog skeleton (D:3)
  2 hounds (D:4)
  An iguana (D:4)
  A worker ant (D:4)
  Ijyb (D:3)
  A hound skeleton (D:4)
  7 adders
  A worm (D:2)
  A giant gecko (D:4)
  An ooze (D:1)
  4 orcs
  6 giant cockroaches
  5 hobgoblins
  9 jackals (D:1)
  5 bats
  6 giant newts
  5 goblins
  3 kobolds
  A kobold skeleton (D:4)
  A quokka skeleton (D:4)
  9 rats
73 creatures vanquished.

Notes
Turn   | Place    | Note
--------------------------------------------------------------
     0 | D:1      | Fusha, the Draconian Monk, began the quest for the Orb.
     0 | D:1      | Reached XP level 1. HP: 19/19 MP: 1/1
   176 | D:1      | Reached XP level 2. HP: 21/26 MP: 2/2
   787 | D:2      | Reached XP level 3. HP: 23/33 MP: 3/3
  1343 | D:2      | Found a basalt altar of Yredelemnul.
  1346 | D:2      | Found an opulent altar of Gozag.
  1348 | D:2      | Found a shattered altar of Ashenzari.
  1415 | D:2      | Reached XP level 4. HP: 36/41 MP: 4/4
  1785 | D:3      | Noticed Ijyb
  1802 | D:3      | Killed Ijyb
  1802 | D:3      | Reached skill level 5 in Unarmed Combat
  1802 | D:3      | Reached XP level 5. HP: 43/47 MP: 5/5
  1817 | D:3      | Reached skill level 5 in Fighting
  1915 | D:3      | Found a white marble altar of Elyvilon.
  1915 | D:3      | Found a snail-covered altar of Cheibriados.
  1918 | D:3      | Found a radiant altar of Vehumet.
  1952 | D:3      | Found a glowing silver altar of Zin.
  1954 | D:3      | Noticed an angel
  1954 | D:3      | Found a shimmering altar of Xom.
  1961 | D:3      | Became a worshipper of Zin the Law-Giver
  1961 | D:3      | Acquired Zin's first power
  1961 | D:3      | Acquired Zin's second power
  2257 | D:2      | Found an ancient bone altar of Kikubaaqudgha.
  2257 | D:2      | Found a blossoming altar of Fedhas.
  2353 | D:4      | Zin protects you from harm!
  2356 | D:4      | HP: 2/48 [poisoned by a worker ant]
  2916 | D:4      | Gained mutation: You have very sharp teeth. [potion of mutation]
  2916 | D:4      | Gained mutation: You are somewhat resistant to further mutation. [potion of mutation]
  3193 | D:4      | Reached skill level 1 in Invocations
  3193 | D:4      | Reached XP level 6. HP: 42/56 MP: 7/7
  3420 | D:4      | Noticed an ogre
  3439 | D:4      | Killed an ogre
  3577 | D:4      | Noticed Pikel
  3577 | D:4      | Noticed a slave
  3577 | D:4      | Noticed a slave
  3577 | D:4      | Noticed a slave
  3577 | D:4      | Noticed a slave
  3618 | D:4      | Slain by Pikel

Action                   |  1- 3 |  4- 6 || total
-------------------------+-------+-------++-------
Melee: Unarmed           |   143 |   212 ||   355
Invok: Vitalisation      |       |     4 ||     4
       Recite            |       |     4 ||     4
  Use: Scroll            |     4 |     1 ||     5
       Potion            |       |     4 ||     4
 Stab: Sleeping          |     3 |     6 ||     9
  Eat: Chunk             |     1 |     7 ||     8
